 Dungeon Crawl Stone Soup version 0.22-a0-322-g60b3cfd (webtiles) character file.

29 xccam the Shield-Bearer (level 3, 29/29 HPs)
             Began as a Formicid Fighter on Apr 2, 2018.
             Quit the game on level 1 of the Dungeon.
             The game lasted 00:01:00 (575 turns).

xccam the Shield-Bearer (Formicid Fighter)           Turns: 575, Time: 00:01:00

Health: 29/29      AC:  6    Str: 21    XL:     3   Next: 32%
Magic:  3/3        EV:  7    Int: 12    God:
Gold:   14         SH:  9    Dex: 10    Spells: 2/2 levels left

rFire    . . .     SeeInvis +   a - +0 war axe
rCold    . . .     Gourm    .   c - +0 shield
rNeg     . . .     Faith    .   b - +0 scale mail
rPois    .         Spirit   .   (helmet unavailable)
rElec    .         Reflect  .   (no cloak)
rCorr    .         Harm     .   (no gloves)
MR       .....                  (no boots)
Stlth    ..........             l - amulet of inaccuracy (curse)
HPRegen  0.09/turn              (no ring)
MPRegen  0.08/turn              (no ring)

@: brilliant
A: permanent stasis, dig shafts and tunnels, four strong arms, antennae 3
a: Dig, Shaft Self


You were on level 1 of the Dungeon.
You were not hungry.

You visited 1 branch of the dungeon, and saw 1 of its levels.

You collected 14 gold pieces.

Inventory:

Hand Weapons
 a - a +0 war axe (weapon)
Armour
 b - a +0 scale mail (worn)
 c - a +0 shield (worn)
Jewellery
 l - a cursed amulet of inaccuracy (around neck)
Scrolls
 j - 3 scrolls of identify {unknown}
 m - a scroll of amnesia {unknown}
 n - a scroll of magic mapping {unknown}
 o - a scroll of noise {unknown}
Potions
 d - a potion of might
Comestibles
 f - 2 rations


   Skills:
 - Level 3.2 Fighting
 + Level 3.5 Axes
 - Level 3.2 Armour
 - Level 3.6 Shields


You had 2 spell levels left.
You didn't know any spells.

Dungeon Overview and Level Annotations

Branches:
Dungeon (1/15)

Altars:


Innate Abilities, Weirdness & Mutations

You cannot be hasted, slowed, berserked, paralysed or teleported.
You can dig through walls and to a lower floor.
Your four strong arms can wield two-handed weapons with a shield.
You have a pair of large antennae on your head. (SInv)


Message History

It was a potion of ambrosia.
You are confused.
You feel invigorated.
It was a potion of heal wounds.
You feel much better.
It was a potion of brilliance.
You feel clever all of a sudden.
It was a potion of curing.
You feel better.
You feel less invigorated.
It was a potion of lignification.
You turn into a tree.
Your +0 scale mail melds into your body.
Your roots penetrate the ground.
You start waiting.
Your transformation is almost over.
You start waiting.
You feel less wooden.
Your +0 scale mail unmelds from your body.
Okay, then.
Put on which piece of jewellery? (? for menu, Esc to quit)
Oops, that amulet feels deathly cold.
l - a cursed amulet of inaccuracy (around neck) Are you sure you want to abandon this character and quit the game? (Confirm with "yes".)

#..#....≈..###########'##§
######..#....§..##..........##.
#.......#..§.§§.##.........###.
#.......#..§.§≈.##.........##.≈
#.......#....≈..####)########..
#.......#....≈.§####'########..
#.......#....≈≈...##......##..≈
#.......#....≈....##....<(##..§
######..#....§@...##......##..§
#..#....§≈...##########..≈
#..#...§§§≈§.##########§≈≈
#†.#...=≈§≈§............§≈
#..#....≈≈§§≈≈≈.......≈≈≈≈
#..#......≈§§≈≈≈≈§...≈≈§≈§
#####..#..........≈≈≈§§≈≈≈≈≈≈§
#......#............≈≈≈≈≈≈≈..§
#......#>.....................


There were no monsters in sight!

Vanquished Creatures
  2 oozes (D:1)
  2 dart slugs (D:1)
  3 goblins (D:1)
  3 hobgoblins (D:1)
  A frilled lizard (D:1)
  4 kobolds (D:1)
  3 rats (D:1)
18 creatures vanquished.

Notes
Turn   | Place    | Note
-------+----------+-------------------------------------------
     0 | D:1      | xccam the Formicid Fighter began the quest for the Orb.
     0 | D:1      | Reached XP level 1. HP: 18/18 MP: 1/1
    37 | D:1      | Reached XP level 2. HP: 24/24 MP: 2/2
   161 | D:1      | Reached XP level 3. HP: 23/29 MP: 3/3
   575 | D:1      | Quit the game

Vault maps used:
D:1:      erik_arrival_gehennom, moated_statue

Skill      XL: |  1  2 |
---------------+-------+-----
Axes           | 3 |  3.5
Fighting       | |  3.2
Armour         | |  3.2
Shields        | |  3.6

Action                   || total
-------------------------++-------
Melee: War axe           ||    50
  Use: Potion            ||     5
Armor: Scale mail        ||    12
Dodge: Dodged            ||    14
Block: Shield            ||    21

Table legend:
 A = Spawn XP
 B = Non-spawn XP
 C = Spawn XP percentage of total XP
 D = Spawn monster count
 E = Non-spawn monster count
 F = Spawn count percentage of total count
 G = Total turns spent on level
                    A         B        C        D         E        F      G
               +---------+---------+-------+---------+---------+-------+---------
         Total |       0 |      42 |   0.0 |       0 |      18 |   0.0 |   575
               +---------+---------+-------+---------+---------+-------+---------
           D:1 |       0 |      42 |   0.0 |       0 |      18 |   0.0 |   575
               +---------+---------+-------+---------+---------+-------+---------
